 Dungeon Crawl Stone Soup version 0.26-a0-259-g1effd001a9 (webtiles) character file.

Game seed: 13022816359879554691

34 Apogee the Skirmisher (level 3, 0/29 HPs)
             Began as a Demonspawn Abyssal Knight on July 14, 2020.
             Was a Believer of Lugonu.
             Slain by a centaur skeleton (4 damage)
             ... on level 4 of the Dungeon.
             The game lasted 00:01:12 (1103 turns).

Apogee the Skirmisher (Demonspawn Abyssal Knight)   Turns: 1103, Time: 00:01:12

Health: 0/29       AC:  3    Str: 13    XL:     3   Next: 14%
Magic:  5/5        EV: 11    Int: 13    God:    Lugonu [**....]
Gold:   35         SH:  0    Dex: 12    Spells: 2/2 levels left

rFire    . . .     SeeInvis .   a - +1 hand axe
rCold    . . .     Faith    .   (no shield)
rNeg     . . .     Spirit   .   b - +0 leather armour
rPois    .         Reflect  .   (helmet restricted)
rElec    .         Harm     .   (no cloak)
rCorr    .                      (no gloves)
MR       .....                  (no boots)
Stlth    +.........             (no amulet)
HPRegen  0.09/turn              (no ring)
MPRegen  0.09/turn              (no ring)

@: no status effects
A: horns 1
a: Depart the Abyss, Bend Space, Renounce Religion


You were on level 4 of the Dungeon.
You worshipped Lugonu.
Lugonu was pleased with you.
You were not hungry.

You visited 1 branch of the dungeon, and saw 3 of its levels.
You visited the Abyss 1 time.

You collected 35 gold pieces.

Inventory:

Hand Weapons
 a - a +1 hand axe (weapon)
Armour
 b - a +0 leather armour (worn)
 k - a +0 buckler
Jewellery
 j - an uncursed ring of protection from cold
Scrolls
 d - 3 scrolls of identify {unknown}
 i - a scroll of fog {unknown}
 l - a scroll of amnesia {unknown}
 m - a scroll of teleportation {unknown}
Potions
 e - a potion of ambrosia {unknown}
 f - a potion of stabbing {unknown}
 g - a potion of invisibility {unknown}
 h - a potion of heal wounds {unknown}
Comestibles
 c - 12 rations


   Skills:
 + Level 3.3 Fighting
 + Level 2.1 Axes
 + Level 2.1 Armour
 + Level 1.3 Dodging
 + Level 3.0 Invocations


You had 2 spell levels left.
You didn't know any spells.
Your spell library was empty.

Dungeon Overview and Level Annotations

Branches:
Dungeon (2/15)

Altars:

Shops:
D:4 *


Innate Abilities, Weirdness & Mutations

You have a pair of small horns on your head.


Message History

The centaur skeleton completely misses you.
You hit the centaur skeleton.
The centaur skeleton is severely damaged.
You hit the howler monkey. The howler monkey hits you.
An ogre comes into view. It is wielding a +0 giant club.
The centaur skeleton hits you but does no damage.
The howler monkey hits you.
You are too injured to fight recklessly!
Unknown command.
You are too injured to fight recklessly!
You are too injured to fight recklessly!
The centaur skeleton hits you. The howler monkey hits you.
* * * LOW HITPOINT WARNING * * *
The centaur skeleton misses you. The centaur skeleton barely misses you.
The howler monkey hoots and howls with incredible vigour!
You hear an angry hiss.
You hear a shout!
You hear a bark!
You hear an angry hiss. x2
The centaur skeleton hits you.
You die...

. .. ## ## .. ..#
..# #. ###.##..###
#..##.........##
#..............
#@........#
#.Z.......##
##h.........#
..#>........∩.#
...............#.#
..................#
.................##
..........O†......#
...................


You could see an ogre, a howler monkey (catching breath) and a centaur skeleton.

Vanquished Creatures
  2 dart slugs (D:1)
  A leopard gecko (D:1)
  2 goblins
  2 hobgoblins
  6 kobolds
  A quokka (D:2)
  5 bats (D:1)
  6 frilled lizards
  10 rats
35 creatures vanquished.

Notes
Turn   | Place    | Note
-------+----------+-------------------------------------------
     0 | Abyss:1  | Apogee the Demonspawn Abyssal Knight began the quest for
                  | the Orb.
     0 | Abyss:1  | Reached XP level 1. HP: 18/18 MP: 2/2
    21 | D:1      | Escaped the Abyss
    66 | D:1      | Reached skill level 1 in Dodging
    95 | D:1      | Gained mutation: You have a pair of small horns on your
                  | head. [demonic ancestry]
    95 | D:1      | Reached XP level 2. HP: 18/24 MP: 4/4
   545 | D:1      | Reached ** piety under Lugonu
   857 | D:2      | Reached XP level 3. HP: 29/29 MP: 5/5
  1086 | D:2      | You fall into a shaft and drop 2 floors!
  1086 | D:4      | Found Cyutt's General Store.
  1097 | D:4      | Noticed an ogre
  1103 | D:4      | Slain by a centaur skeleton

Illustrated notes

Levels and vault maps discovered:
D:1:      heliophobic_arrival_battle_scene, layout_rooms, st_stairs_13,
          minmay_indecisive_spiral
D:2:      layout_basic
D:4:      layout_rooms, gammafunk_ghost_necromancy, serial_shops, shop,
          minmay_lizard_king, uniq_edmund

Skill      XL: |  1  2  3 |
---------------+----------+-----
Dodging        | 1 |  1.3
Axes           | 2 |  2.1
Armour         | 2 |  2.1
Invocations    | 3 |  3.0
Fighting       | |  3.3

Action                   || total
-------------------------++-------
Melee: Hand axe          ||    74
       Headbutt          ||     6
Armor: Leather armour    ||    22
Dodge: Dodged            ||    47

Table legend:
 A = Non-vault XP
 B = Vault XP
 C = Vault XP percentage of total XP
 D = Non-vault monster count
 E = Vault monster count
 F = Vault count percentage of total count
                 A         B        C        D         E       F
            +---------+---------+-------+---------+---------+-------
      Total |      42 |       7 |  14.3 |      29 |       6 |  17.1
            +---------+---------+-------+---------+---------+-------
        D:1 |      29 |       7 |  19.4 |      19 |       6 |  24.0
        D:2 |      12 |       0 |   0.0 |       9 |       0 |   0.0
        D:4 |       1 |       0 |   0.0 |       1 |       0 |   0.0
            +---------+---------+-------+---------+---------+-------
